 Dungeon Crawl Stone Soup version 0.30-a0-135-g630cfc4551 (webtiles) character file.

Game seed: 10348364841703504780

306 ragingrage the Trooper (level 6, -11/47 HPs)
             Began as a Djinni Hedge Wizard on Sept 20, 2022.
             Killed from afar by an oklob sapling (23 damage)
             ... with a splash of acid
             ... on level 4 of the Dungeon.
             The game lasted 00:03:57 (5442 turns).

ragingrage the Trooper (Djinni Hedge Wizard)        Turns: 5442, Time: 00:03:58

Health: -11/47     AC: -1    Str:  9    XL:     6   Next: 67%
Gold:   254        EV: 12    Int: 22    God:
                   SH:  0    Dex: 13

rFire   + + .      SeeInvis .    D - +2 flail (vorpal)
rCold   x . .      Faith    .    (no shield)
rNeg    . . .      Spirit   .    i - +0 robe of the Rotten God {Int+5}
rPois   ∞          Reflect  .    l - +0 helmet
rElec   .          Harm     .    (no cloak)
rCorr   .          Rampage  .    (no gloves)
Will    .....                    (boots unavailable)
Stlth   ++........               (no amulet)
HPRegen 0.15/turn                (no ring)
MPRegen 0.00/turn                (no ring)

@: corroded, flying
A: sickness immunity, fire resistance 2, cold vulnerability 1, float, innate
caster, HP casting, extra vitality 1
a: no special abilities


You were on level 4 of the Dungeon.
You visited 1 branch of the dungeon, and saw 4 of its levels.

You collected 254 gold pieces.

Inventory:

Hand Weapons
 a - a +0 dagger
 D - a +2 vorpal flail (weapon)
Missiles
 g - 8 poisoned darts
Armour
 c - a +0 hat
 i - the +0 robe of the Rotten God (worn) {Int+5}
   (You found it on level 2 of the Dungeon)

   Int:       It affects your intelligence (+5).
 l - a +0 helmet (worn)
 t - the +0 robe "Caotaudo" {rF+ Str+2}
   (You found it on level 3 of the Dungeon)

   Str:       It affects your strength (+2).
   rF:        It protects you from fire.
 y - the +6 ring mail of Halluf {Will+}
   (You found it on level 3 of the Dungeon)

   Will:      It increases your willpower.
Jewellery
 n - an amulet of reflection
 G - a +6 ring of intelligence
Wands
 s - a wand of acid (12)
 C - a wand of flame (11)
 F - a wand of digging (7)
Scrolls
 d - a scroll of butterflies {unknown}
 e - 2 scrolls of immolation
 f - 5 scrolls of identify {unknown}
 h - a scroll of torment {unknown}
 k - 2 scrolls of poison {unknown}
 o - a scroll of amnesia {unknown}
 r - a scroll of teleportation {unknown}
 u - 2 scrolls of blinking {unknown}
 w - a scroll of acquirement {unknown}
 E - a scroll of silence {unknown}
Potions
 b - a potion of invisibility {unknown}
 j - 2 potions of curing {unknown}
 m - a potion of resistance {unknown}
 p - a potion of ambrosia {unknown}
 q - a potion of mutation {unknown}
 v - a potion of magic {unknown}
 x - a potion of degeneration {unknown}
 z - a potion of flight {unknown}
 A - a potion of haste {unknown}
 B - a potion of heal wounds {unknown}


   Skills:
 + Level 4.2 Fighting
 - Level 2.1 Dodging
 - Level 1.5 Stealth
 + Level 4.1 Spellcasting


You couldn't memorise any spells.
You knew the following spells:

 Your Spells              Type           Power      Damage    Failure   Level
a - Magic Dart            Conj           88%        1d7       1%          1
b - Call Imp              Summ           22%        N/A       3%          2
c - Blink                 Tloc           44%        N/A       3%          2
d - Slow                  Hex            88%        N/A       1%          1
e - Cigotuvi's Dreadful   Necr/Pois/Air  44%        N/A       3%          2
f - Mephitic Cloud        Conj/Pois/Air  22%        N/A       6%          3
g - Summon Small Mammal   Summ           88%        N/A       1%          1
h - Ensorcelled Hibernat  Hex/Ice        44%        N/A       3%          2
Your spell library was empty.

Dungeon Overview and Level Annotations

Branches:
Dungeon (4/15)             Temple (0/1) D:4

Altars:

Annotations:
D:3 Sigmund
D:4 exclusion: oklob sapling


Innate Abilities, Weirdness & Mutations

You are immune to sickness and miasma.
You are immune to poison.
Your flesh is very heat resistant. (rF++)
You are vulnerable to cold. (rC-)
You float through the air rather than walking.
You learn spells naturally, not from books.
Your magical power is your life essence.
You have superior vitality. (+4 MHP)


Message History

Aiming: Magic Dart (safe; 1% risk of failure)
Press: ? - help, Q - select action, (/) - cycle Shift-Dir - straight line, f/p - oklob sapling
Aim: an oklob sapling (heavily damaged, 100% to hit)
The magic dart hits the oklob sapling but does no damage.
The oklob sapling is heavily damaged.
Aiming: Magic Dart (safe; 1% risk of failure)
Press: ? - help, Q - select action, (/) - cycle Shift-Dir - straight line, f/p - oklob sapling
Aim: an oklob sapling (moderately damaged, 100% to hit)
The magic dart hits the oklob sapling.
The oklob sapling is heavily damaged.
Aiming: Magic Dart (safe; 1% risk of failure)
Press: ? - help, Q - select action, (/) - cycle Shift-Dir - straight line, f/p - oklob sapling
Aim: an oklob sapling (heavily damaged, 100% to hit)
The magic dart hits the oklob sapling but does no damage.
The oklob sapling is heavily damaged.
The oklob sapling spits acid at you. The splash of acid hits you!
Aiming: Magic Dart (safe; 1% risk of failure)
Press: ? - help, Q - select action, (/) - cycle Shift-Dir - straight line, f/p - oklob sapling
Aim: an oklob sapling (heavily damaged, 100% to hit)
The magic dart hits the oklob sapling but does no damage.
The oklob sapling is heavily damaged.
Aiming: Magic Dart (safe; 1% risk of failure)
Press: ? - help, Q - select action, (/) - cycle Shift-Dir - straight line, f/p - oklob sapling
Aim: an oklob sapling (heavily damaged, 100% to hit)
The magic dart hits the oklob sapling but does no damage.
The oklob sapling is heavily damaged.
The oklob sapling spits acid at you. The splash of acid hits you!
* * * LOW HITPOINT WARNING * * *
The acid corrodes you!
Aiming: Magic Dart (safe; 1% risk of failure)
Press: ? - help, Q - select action, (/) - cycle Shift-Dir - straight line, f/p - oklob sapling
Aim: an oklob sapling (heavily damaged, 100% to hit)
The magic dart hits the oklob sapling but does no damage.
The oklob sapling is heavily damaged.
* * * LOW HITPOINT WARNING * * *
The oklob sapling spits acid at you. The splash of acid hits you!!
You die...

#.......# #.# #.#####.# #.#
########.#####.###.##### #####
#....................... ....#
#...##.........###.##### ###.#
#..PP..P#......#####...## #.#
#.P.PPP........# #.....# #.#
#PPPP.PP.......# ##...## #.#
#PPP>.....@....# ##.## #.#
#.PP.PP.#......# #.#
#.###P.PPP.P.....### #.# # #..#
P....#...## ##'## # ##.#
######..## ##...## # ##.# #.###
##.....### ###..### #.#.##
##.......##
#..^...########.<..####.........#
......>.......>......(+.........'


You could see an oklob sapling.

Vanquished Creatures
  A phantom (D:4)
  A jelly (D:4)
  A hound (D:4)
  An adder (D:3)
  2 dart slugs (D:1)
  3 ball pythons
  2 bats (D:3)
  4 endoplasms
  3 goblins
  4 hobgoblins
  5 quokkas
  5 frilled lizards
  9 kobolds
  5 rats
46 creatures vanquished.

Vanquished Creatures (collateral kills)
  A scorpion (D:4)
  An iguana (D:4)
  3 adders
  2 orcs (D:3)
  A goblin (D:4)
  2 hobgoblins
  A quokka (D:1)
  A rat (D:3)
12 creatures vanquished.

Vanquished Creatures (others)
  A plant (D:4)
1 creature vanquished.

Grand Total: 59 creatures vanquished

Notes
Turn   | Place    | Note
-------+----------+-------------------------------------------
     0 | D:1      | ragingrage the Djinni Hedge Wizard began the quest for the
                  | Orb.
     0 | D:1      | ragingrage set off with the following spells memorised:
                  | Magic Dart, Slow, Blink, Call Imp, Cigotuvi's Dreadful Rot,
                  | Mephitic Cloud.
     0 | D:1      | Reached XP level 1. HP: 15/15 MP: 0/0
   227 | D:1      | Found a faded altar of an unknown god.
   256 | D:1      | Reached skill level 1 in Fighting
   256 | D:1      | Reached XP level 2. HP: 16/22 MP: 0/0
  1307 | D:2      | Reached XP level 3. HP: 26/27 MP: 0/0
  1307 | D:2      | Learned a level 1 spell: Summon Small Mammal
  1429 | D:2      | Identified the +3 leather armour of Inference {Rampage}
  1528 | D:2      | Identified the +0 robe of the Rotten God {Int+5}
  2575 | D:3      | Identified the +0 robe "Caotaudo" {rF+ Str+2}
  2670 | D:3      | Reached XP level 4. HP: 27/33 MP: 0/0
  3307 | D:3      | Noticed Sigmund
  3383 | D:3      | Identified the +6 ring mail of Halluf {Will+}
  3559 | D:4      | Found a staircase to the Ecumenical Temple.
  3584 | D:4      | HP: 1/34 [oklob sapling/splash of acid (24)]
  4031 | D:4      | Reached XP level 5. HP: 38/40 MP: 0/0
  4031 | D:4      | Learned a level 2 spell: Ensorcelled Hibernation
  4329 | D:4      | Noticed a phantom
  4351 | D:4      | Killed a phantom
  4352 | D:4      | Reached XP level 6. HP: 32/47 MP: 0/0
  5442 | D:4      | Killed from afar by an oklob sapling

Illustrated notes

Levels and vault maps discovered:
D:1:      dpeg_arrival_prison, layout_basic, hellmonk_ecumenical_altar_blasted
D:2:      layout_basic
D:3:      layout_basic, uniq_sigmund
D:4:      layout_loops_corners, minmay_temple_entry_oklob

Skill      XL: |  1  2  3  4  5  6 |
---------------+-------------------+-----
Fighting       | 1 2 3 4 |  4.2
Spellcasting   | 3 4 |  4.1
Dodging        | |  2.1
Stealth        | |  1.5

Action                   |  1- 3 |  4- 6 || total
-------------------------+-------+-------++-------
Melee: Dagger            |     7 |     7 ||    14
 Cast: Magic Dart        |    65 |    94 ||   159
       Call Imp          |     7 |    14 ||    21
       Mephitic Cloud    |       |     1 ||     1
 Stab: Confused          |       |     1 ||     1
Armor: Leather armour    |     2 |       ||     2
       Robe              |     1 |     5 ||     6
Dodge: Dodged            |    10 |    15 ||    25

Table legend: (Time is in decaauts)
 A = Elapsed time spent in this place.
 B = Non-inter-level travel time spent in this place.
 C = Inter-level travel time spent in this place.
 D = Time resting spent in this place.
 E = Time spent auto-exploring this place.
 F = Levels seen in this place.
 G = Mean time per level.
                   A        B        C        D        E       F      G
               +--------+--------+--------+--------+--------+-----+--------+
         Total |   5440 |   5334 |    106 |   1857 |   2967 |   4 | 1360.0 |
       Dungeon |   5440 |   5334 |    106 |   1857 |   2967 |   4 | 1360.0 |
               +--------+--------+--------+--------+--------+-----+--------+

Top non-repeatable levels by time:
     D:4: 1952 daAuts
     D:1: 1305 daAuts
     D:2: 1116 daAuts
     D:3: 1066 daAuts
